General information
			
			
        
        - name: BNet
 
        - type: Ladder team game (AT/RT)
 
        - host: Battle.net
 
        - saver: AsianPresident
 
        
map: GolemsInTheMist 
        - players: 8
 
        - length: 14:30
 
        - speed: Fast
 - version: 1.22 W3XP
 - replay type:  Public
 
» download(130 KB)
Players
        team 1 (loser) 
              
              
pp]papum. (
yellow | 62 APM | 891 actions | 14:29)
              
 3 Priestess of the Moon 
 1 Searing Arrows
 2 Trueshot Aura
 
                » actions 
                
                | Assign group hotkey | 199 |  | 
| Basic commands | 28 |  | 
| Build / train | 29 |  | 
| ESC pressed | 1 |  | 
| Enter build submenu | 9 |  | 
| Enter hero's abilities submenu | 3 |  | 
| Right click | 286 |  | 
| Select / deselect | 171 |  | 
| Select group hotkey | 146 |  | 
| Use ability | 19 |  | 
                891 total
 » units 
                » upgrades
                
                | Strength of the Moon | 2 |  | 
| Moon Armor | 1 |  | 
                3 total
 » buildings
                
                | Moon Well | 5 |  | 
| Altar of Elders | 1 |  | 
| Hunter's Hall | 1 |  | 
| Ancient of War | 2 |  | 
| Tree of Ages | 1 |  | 
                10 total
 » build order
                00:20 Moon Well
00:37 Altar of Elders
01:59 Hunter's Hall
02:06 Ancient of War
02:09 Ancient of War
02:15 Moon Well
02:29 Moon Well
05:20 Tree of Ages
05:42 Moon Well
10:08 Moon Well
 
               
              
              
shura08 (
red | 134 APM | 1890 actions | 14:04)
              
 3 Death Knight 
 2 Death Coil
 1 Unholy Aura
 1 Lich 
 1 Frost Nova
 
                » actions 
                
                | Assign group hotkey | 38 |  | 
| Basic commands | 155 |  | 
| Build / train | 38 |  | 
| Enter build submenu | 20 |  | 
| Enter hero's abilities submenu | 4 |  | 
| Give item / drop item | 2 |  | 
| Remove unit from queue | 1 |  | 
| Right click | 488 |  | 
| Select / deselect | 191 |  | 
| Select group hotkey | 900 |  | 
| Use ability | 52 |  | 
                1890 total
 » units 
                
                | Acolyte | 3 |  | 
| Ghoul | 2 |  | 
| Crypt Fiend | 7 |  | 
| Obsidian Statue | 3 |  | 
                15 total
 » upgrades
                
                | Creature Attack | 1 |  | 
| Creature Carapace | 2 |  | 
| Destroyer Form | 1 |  | 
                4 total
 » buildings
                
                | Crypt | 1 |  | 
| Ziggurat | 6 |  | 
| Graveyard | 1 |  | 
| Altar of Darkness | 1 |  | 
| Tomb of Relics | 1 |  | 
| Nerubian Tower | 1 |  | 
| Halls of the Dead | 1 |  | 
| Slaughterhouse | 1 |  | 
| Black Citadel | 3 |  | 
| Sacrificial Pit | 1 |  | 
| Spirit Tower | 1 |  | 
| Boneyard | 1 |  | 
                19 total
 » build order
                00:29 Crypt
00:45 Ziggurat
00:58 Graveyard
01:07 Altar of Darkness
01:41 Ziggurat
02:25 Tomb of Relics
02:35 Nerubian Tower
04:33 Halls of the Dead
04:39 Ziggurat
05:23 Ziggurat
07:30 Slaughterhouse
09:04 Black Citadel
09:04 Black Citadel
09:04 Black Citadel
09:09 Sacrificial Pit
09:16 Ziggurat
11:06 Spirit Tower
11:52 Boneyard
12:16 Ziggurat
» items
                
                | Rod of Necromancy | 1 |  | 
| Dust of Appearance | 1 |  | 
| Orb of Corruption | 1 |  | 
| Scroll of Healing | 1 |  | 
                4 total
  
               
              
              
» 
uR-aLL-NooBs (
orange | 53 APM | 759 actions | 14:23)
              
 3 Mountain King 
 2 Storm Bolt
 1 Bash
 
                » actions 
                
                | Assign group hotkey | 1 |  | 
| Basic commands | 23 |  | 
| Build / train | 41 |  | 
| Enter build submenu | 22 |  | 
| Enter hero's abilities submenu | 3 |  | 
| Right click | 362 |  | 
| Select / deselect | 253 |  | 
| Use ability | 54 |  | 
                759 total
 » units 
                
                | Peasant | 12 |  | 
| Footman | 11 |  | 
| Goblin Zeppelin | 1 |  | 
                24 total
 » upgrades
                » buildings
                
                | Barracks | 2 |  | 
| Farm | 11 |  | 
| Altar of Kings | 1 |  | 
| Scout Tower | 4 |  | 
| Lumber Mill | 1 |  | 
| Guard Tower | 3 |  | 
| Blacksmith | 1 |  | 
| Keep | 1 |  | 
| Arcane Vault | 1 |  | 
| Town Hall | 2 |  | 
| Castle | 1 |  | 
                28 total
 » build order
                00:22 Barracks
00:27 Farm
00:47 Farm
01:17 Altar of Kings
01:40 Farm
01:56 Scout Tower
02:16 Scout Tower
02:28 Farm
02:35 Lumber Mill
03:00 Farm
03:54 Guard Tower
05:06 Blacksmith
05:33 Guard Tower
05:44 Farm
06:24 Keep
06:27 Arcane Vault
06:43 Town Hall
06:46 Scout Tower
06:49 Scout Tower
06:54 Farm
06:57 Farm
07:01 Farm
07:58 Guard Tower
08:02 Farm
08:10 Farm
09:08 Town Hall
11:08 Castle
11:29 Barracks
» items
                
                | Scroll of Regeneration | 2 |  | 
| Lesser Clarity Potion | 2 |  | 
                4 total
  
               
              
              
KKAAHHBBBOOOOMM (
green | 84 APM | 1201 actions | 14:21)
              
 3 Death Knight 
 2 Death Coil
 1 Unholy Aura
 1 Lich 
 1 Frost Nova
 
                » actions 
                
                | Assign group hotkey | 49 |  | 
| Basic commands | 2 |  | 
| Build / train | 41 |  | 
| Enter build submenu | 11 |  | 
| Enter hero's abilities submenu | 4 |  | 
| Give item / drop item | 1 |  | 
| Remove unit from queue | 1 |  | 
| Right click | 736 |  | 
| Select / deselect | 169 |  | 
| Select group hotkey | 139 |  | 
| Use ability | 48 |  | 
                1201 total
 » units 
                
                | Acolyte | 2 |  | 
| Ghoul | 3 |  | 
| Crypt Fiend | 13 |  | 
| Goblin Zeppelin | 1 |  | 
                19 total
 » upgrades
                » buildings
                
                | Graveyard | 1 |  | 
| Crypt | 1 |  | 
| Altar of Darkness | 1 |  | 
| Ziggurat | 5 |  | 
| Tomb of Relics | 1 |  | 
| Halls of the Dead | 3 |  | 
| Nerubian Tower | 1 |  | 
| Sacrificial Pit | 1 |  | 
| Black Citadel | 2 |  | 
| Boneyard | 1 |  | 
                17 total
 » build order
                00:06 Graveyard
00:19 Crypt
00:51 Altar of Darkness
00:58 Ziggurat
01:46 Tomb of Relics
02:02 Ziggurat
03:28 Ziggurat
05:29 Halls of the Dead
05:29 Halls of the Dead
05:33 Ziggurat
07:20 Nerubian Tower
07:55 Sacrificial Pit
09:21 Black Citadel
09:21 Black Citadel
10:58 Ziggurat
11:44 Boneyard
» items
                
                | Rod of Necromancy | 1 |  | 
| Scroll of Town Portal | 1 |  | 
| Potion of Healing | 1 |  | 
| Potion of Mana | 1 |  | 
| Orb of Corruption | 1 |  | 
                5 total
  
               team 2 (winner) 
              
              
» 
hac1m (
blue | 106 APM | 1541 actions | 14:29)
              
 4 Death Knight 
 2 Death Coil
 2 Unholy Aura
 
                » actions 
                
                | Assign group hotkey | 18 |  | 
| Basic commands | 259 |  | 
| Build / train | 36 |  | 
| Enter build submenu | 17 |  | 
| Enter hero's abilities submenu | 4 |  | 
| Right click | 345 |  | 
| Select / deselect | 130 |  | 
| Select group hotkey | 694 |  | 
| Use ability | 38 |  | 
                1541 total
 » units 
                
                | Acolyte | 3 |  | 
| Ghoul | 1 |  | 
| Crypt Fiend | 12 |  | 
| Obsidian Statue | 2 |  | 
| Abomination | 1 |  | 
                19 total
 » upgrades
                » buildings
                
                | Crypt | 1 |  | 
| Graveyard | 1 |  | 
| Ziggurat | 9 |  | 
| Altar of Darkness | 1 |  | 
| Tomb of Relics | 2 |  | 
| Halls of the Dead | 1 |  | 
| Slaughterhouse | 1 |  | 
| Black Citadel | 1 |  | 
                17 total
 » build order
                00:14 Crypt
00:19 Graveyard
00:56 Ziggurat
00:59 Altar of Darkness
01:54 Tomb of Relics
01:56 Ziggurat
02:00 Tomb of Relics
03:57 Ziggurat
04:43 Halls of the Dead
06:24 Ziggurat
06:26 Ziggurat
06:34 Ziggurat
07:34 Ziggurat
08:18 Slaughterhouse
09:17 Black Citadel
11:17 Ziggurat
12:11 Ziggurat
» items
                
                | Rod of Necromancy | 3 |  | 
| Scroll of Regeneration | 1 |  | 
| Lesser Clarity Potion | 1 |  | 
| Potion of Healing | 2 |  | 
| Scroll of Town Portal | 1 |  | 
                8 total
  
               
              
              
» 
AsianPresident (
teal | 117 APM | 1691 actions | 14:30)
              
 4 Mountain King 
 2 Storm Bolt
 2 Bash
 3 Paladin 
 2 Holy Light
 1 Devotion Aura
 
                » actions 
                
                | Assign group hotkey | 15 |  | 
| Basic commands | 106 |  | 
| Build / train | 50 |  | 
| Enter build submenu | 18 |  | 
| Enter hero's abilities submenu | 7 |  | 
| Give item / drop item | 1 |  | 
| Right click | 798 |  | 
| Select / deselect | 343 |  | 
| Select group hotkey | 312 |  | 
| Use ability | 41 |  | 
                1691 total
 » units 
                
                | Peasant | 14 |  | 
| Rifleman | 11 |  | 
| Mortar Team | 3 |  | 
                28 total
 » upgrades
                
                | Gunpowder | 2 |  | 
| Long Rifles | 1 |  | 
| Armor | 2 |  | 
| Masonry | 1 |  | 
                6 total
 » buildings
                
                | Altar of Kings | 1 |  | 
| Farm | 6 |  | 
| Barracks | 1 |  | 
| Blacksmith | 1 |  | 
| Arcane Vault | 1 |  | 
| Lumber Mill | 1 |  | 
| Scout Tower | 1 |  | 
| Arcane Tower | 2 |  | 
| Keep | 1 |  | 
| Town Hall | 1 |  | 
| Workshop | 1 |  | 
| Castle | 1 |  | 
                18 total
 » build order
                00:04 Altar of Kings
00:07 Farm
01:06 Barracks
01:13 Blacksmith
01:28 Farm
02:16 Farm
02:34 Arcane Vault
02:50 Farm
03:11 Lumber Mill
03:41 Scout Tower
04:17 Arcane Tower
04:18 Arcane Tower
04:56 Keep
05:39 Farm
07:37 Town Hall
08:24 Farm
08:29 Workshop
11:28 Castle
» items
                
                | Scroll of Regeneration | 1 |  | 
| Lesser Clarity Potion | 1 |  | 
| Scroll of Town Portal | 1 |  | 
                3 total
  
               
              
              
Samaroth (
pink | 37 APM | 541 actions | 14:29)
              
 4 Priestess of the Moon 
 2 Searing Arrows
 2 Trueshot Aura
 
                » actions 
                
                | Assign group hotkey | 13 |  | 
| Build / train | 46 |  | 
| Enter build submenu | 12 |  | 
| Enter hero's abilities submenu | 4 |  | 
| Give item / drop item | 1 |  | 
| Remove unit from queue | 2 |  | 
| Right click | 257 |  | 
| Select / deselect | 119 |  | 
| Select group hotkey | 69 |  | 
| Use ability | 18 |  | 
                541 total
 » units 
                
                | Wisp | 12 |  | 
| Archer | 7 |  | 
| Hippogryph | 6 |  | 
| Chimaera | 3 |  | 
                28 total
 » upgrades
                
                | Improved Bows | 1 |  | 
| Strength of the Moon | 1 |  | 
| Strength of the Wild | 2 |  | 
| Hippogryph Taming | 1 |  | 
| Corrosive Breath | 1 |  | 
| Reinforced Hides | 1 |  | 
| Marksmanship | 1 |  | 
                8 total
 » buildings
                
                | Moon Well | 6 |  | 
| Altar of Elders | 1 |  | 
| Ancient of War | 1 |  | 
| Tree of Ages | 1 |  | 
| Hunter's Hall | 1 |  | 
| Tree of Eternity | 1 |  | 
| Ancient of Wind | 1 |  | 
| Chimaera Roost | 2 |  | 
| Tree of Life | 1 |  | 
                15 total
 » build order
                00:16 Moon Well
00:20 Altar of Elders
01:02 Ancient of War
01:32 Moon Well
02:25 Moon Well
03:02 Tree of Ages
03:59 Hunter's Hall
05:19 Moon Well
06:19 Tree of Eternity
06:21 Ancient of Wind
08:22 Moon Well
09:27 Chimaera Roost
09:31 Chimaera Roost
11:06 Moon Well
12:08 Tree of Life
» items
                 
               
              
              
» 
NoLeafClover (
purple | 35 APM | 502 actions | 14:29)
              
 2 Archmage 
 1 Summon Water Elemental
 1 Brilliance Aura
 1 Mountain King 
 1 Storm Bolt
 1 Paladin 
 1 Holy Light
 
                » actions 
                
                | Assign group hotkey | 23 |  | 
| Basic commands | 52 |  | 
| Build / train | 42 |  | 
| Enter build submenu | 21 |  | 
| Enter hero's abilities submenu | 4 |  | 
| Remove unit from queue | 1 |  | 
| Right click | 163 |  | 
| Select / deselect | 133 |  | 
| Select group hotkey | 14 |  | 
| Use ability | 49 |  | 
                502 total
 » units 
                » upgrades
                
                | Swords | 2 |  | 
| Plating | 2 |  | 
| Animal War Training | 1 |  | 
                5 total
 » buildings
                
                | Altar of Kings | 2 |  | 
| Farm | 11 |  | 
| Barracks | 2 |  | 
| Scout Tower | 2 |  | 
| Lumber Mill | 1 |  | 
| Keep | 1 |  | 
| Arcane Tower | 2 |  | 
| Blacksmith | 1 |  | 
| Castle | 1 |  | 
| Arcane Vault | 1 |  | 
                24 total
 » build order
                00:16 Altar of Kings
00:23 Altar of Kings
00:34 Farm
01:06 Farm
01:43 Barracks
01:47 Farm
02:12 Farm
02:32 Scout Tower
02:53 Lumber Mill
03:09 Farm
03:50 Farm
04:14 Keep
04:24 Scout Tower
04:35 Arcane Tower
05:39 Barracks
05:48 Arcane Tower
06:05 Blacksmith
07:42 Farm
07:46 Farm
08:06 Castle
11:20 Farm
11:22 Farm
12:01 Farm
12:14 Arcane Vault
» items
                 
                Chat log
          (00:09 / Allies) Samaroth: melee ?
(00:14 / Allies) AsianPresident: rifles
(00:26 / Allies) Samaroth: rush or no?
(00:29 / Allies) AsianPresident: dont care
(00:33 / Allies) AsianPresident: probably not a wise idea
(00:48 / Allies) hac1m: oh god my game is fucked up
(00:52 / Allies) hac1m: goddamn this computer
(01:37 / Allies) Samaroth: me potm arch
(01:41 / Allies) Samaroth: to chim hipo
(02:09 / Allies) hac1m: dk fiend
(04:24 / Allies) AsianPresident: expo
(04:26 / Allies) AsianPresident: since ur going to
(04:28 / Allies) Samaroth: water elem go
(04:52 / Allies) Samaroth: purple you play or what ?
(05:06 / Allies) NoLeafClover: sometimes, better late game
(05:16 / Allies) NoLeafClover: human is my worst race
(05:31 / Allies) Samaroth: ..
(05:49 / Allies) AsianPresident: walk
(07:19 / Allies) AsianPresident: back
(07:22 / Allies) AsianPresident: heal up
(07:23 / Allies) AsianPresident: then we push
(08:01 / Allies) AsianPresident: heal dk
(08:02 / Allies) AsianPresident: get a tp
(08:10 / Allies) hac1m: k brb
(08:46 / Allies) Samaroth: care
(08:49 / Allies) Samaroth: b
(08:50 / Allies) Samaroth: b
(09:09 / Allies) AsianPresident: he needs hel
(10:13 / Allies) hac1m: nice
(11:36 / Allies) hac1m: peons
(11:40 / Allies) AsianPresident: wait for
(11:41 / Allies) AsianPresident: blue's dk
(11:48 / Allies) hac1m: it will be a while
(11:48 / Allies) AsianPresident: back up
(11:51 / Allies) hac1m: nm
(12:00 / Allies) hac1m: hes cummin
(12:30 / All) uR-aLL-NooBs: gg
(12:31 / All) uR-aLL-NooBs: yellow bs
(12:36 / All) uR-aLL-NooBs: he mad cuz he only have hunts
(12:37 / All) uR-aLL-NooBs: all game
(12:42 / All) pp]papum.: lol
(12:45 / All) pp]papum.: he got 5 foots,
(12:55 / All) pp]papum.: and think is pro